 Dungeon Crawl Stone Soup version 0.24-a0-251-g44e327e (webtiles) character file.

Game seed: 10746527633588684758

8565 Lanoc the Fighter (level 11, -2/101 HPs)
             Began as a Minotaur Assassin on Apr 16, 2019.
             Was a High Priest of Kikubaaqudgha.
             Succumbed to a guardian serpent's bolt of poison
             ... on level 10 of the Dungeon.
             The game lasted 00:18:59 (8492 turns).

Lanoc the Fighter (Minotaur Assassin)               Turns: 8492, Time: 00:19:00

Health: -2/101     AC: 21    Str: 15    XL:     11   Next: 11%
Magic:  10/10      EV: 12    Int:  8    God:    Kikubaaqudgha [*****.]
Gold:   603        SH:  0    Dex: 16    Spells: 10/10 levels left

rFire    + + .     SeeInvis +   h - +3 whip "Vaoneeci" {vamp, +Rage rF++ rC- Stlth+}
rCold    . . .     Gourm    +   (no shield)
rNeg     . . .     Faith    .   C - +1 plate armour {rC+}
rPois    .         Spirit   .   (helmet restricted)
rElec    .         Reflect  .   m - +2 cloak
rCorr    .         Harm     .   G - +1 pair of gloves
MR       .....                  (no boots)
Stlth    ..........             y - amulet of the gourmand
HPRegen  0.26/turn              M - ring of see invisible
MPRegen  0.12/turn              t - +3 ring of evasion

@: lethally poisoned (-2 -> -35), very slightly contaminated, slowed, invisible,
very slow
A: retaliatory headbutt, horns 2
a: Receive Corpses, Torment, Renounce Religion, Evoke Berserk Rage


You were on level 10 of the Dungeon.
You worshipped Kikubaaqudgha.
Kikubaaqudgha was extremely pleased with you.
You were very full.

You visited 2 branches of the dungeon, and saw 11 of its levels.
You also visited: Ossuary.

You collected 603 gold pieces.

Inventory:

Hand Weapons
 a - a +2 dagger
 b - a +0 blowgun
 h - the +3 whip "Vaoneeci" (weapon) {vamp, +Rage rF++ rC- Stlth+}
   (You found it on level 4 of the Dungeon)

   It inflicts no extra harm, but heals its wielder when it wounds a living foe.
   It greatly protects you from fire.
   It makes you vulnerable to cold.
   It lets you go berserk.
   It makes you more stealthy.
 i - a +2 quarterstaff of chaos
 E - a +1 falchion of flaming
Missiles
 e - 8 poisoned needles
 f - 2 curare-tipped needles
 w - a throwing net (quivered)
Armour
 m - a +2 cloak (worn)
 C - a +1 plate armour of cold resistance (worn)
 G - a +1 pair of gloves (worn)
Jewellery
 d - an uncursed ring of protection from fire
 t - a +3 ring of evasion (right hand)
 v - an uncursed ring of protection from cold
 y - an amulet of the gourmand (around neck)
 M - a ring of see invisible (left hand)
Wands
 n - a wand of paralysis (9)
 s - a wand of clouds (5)
 x - a wand of flame (11)
 D - a wand of digging (10)
 F - a wand of disintegration (11)
 I - a wand of iceblast (9)
Scrolls
 c - 2 scrolls of remove curse
 j - 3 scrolls of blinking
 k - 6 scrolls of teleportation
 l - 2 scrolls of enchant weapon
 o - 3 scrolls of magic mapping
 q - 4 scrolls of amnesia
 r - 3 scrolls of immolation
 u - a scroll of fog
 B - 4 scrolls of fear
 H - a scroll of summoning
Potions
 z - a potion of invisibility
 A - 2 potions of agility
 J - 2 potions of brilliance
 K - 4 potions of mutation
Comestibles
 g - 21 rations


   Skills:
 + Level 10.6 Fighting
 - Level 2.1 Short Blades
 + Level 9.0 Throwing
 + Level 10.2 Armour
 + Level 9.6 Dodging
 - Level 3.2 Stealth


You had 10 spell levels left.
You didn't know any spells.
Your spell library contained the following spells:

 Spells                   Type           Power        Failure   Level  Hunger
 Pain                     Necr           #...         100%        1    ##.....
 Corpse Rot               Necr           N/A          100%        2    ###....
 Sublimation of Blood     Necr           #.........   100%        2    ###....
 Regeneration             Chrm/Necr      #.........   100%        3    ####...
 Bolt of Draining         Conj/Necr      #.........   100%        5    ######.
 Borgnjor's Vile Clutch   Necr/Erth      #.........   100%        5    ######.
 Dispel Undead            Necr           #.......     100%        5    ######.
 Excruciating Wounds      Chrm/Necr      #.........   100%        5    ######.
 Irradiate                Conj/Tmut      #.........   100%        5    ######.
 Hydra Form               Tmut           #.........   100%        6    #######
 Simulacrum               Ice/Necr       #.........   100%        6    #######
 Statue Form              Tmut/Erth      #........    100%        6    #######
 Dragon Form              Tmut           #.........   100%        7    #######


Dungeon Overview and Level Annotations

Branches:
Dungeon (10/15)            Temple (1/1) D:5            Lair (0/6) D:8
    Orc: D:9-12

Altars:
Ashenzari
Cheibriados
Elyvilon
Fedhas
Gozag
Hepliaklqana
Kikubaaqudgha
Makhleb
Qazlal
Ru
Trog
Wu Jian
Zin
Beogh


Innate Abilities, Weirdness & Mutations

You reflexively headbutt those who attack you in melee.
You have a pair of horns on your head.


Message History

* * * LOW HITPOINT WARNING * * *
You fade into invisibility!
* * * LOW HITPOINT WARNING * * *
You feel very sick.
The guardian serpent casts a spell at you.
The bolt of poison hits you.
You are more poisoned.
* * * LOW HITPOINT WARNING * * *
The guardian serpent barely misses you.
You are very lightly contaminated with residual magic.
As you read the scroll labeled YMEBOUFE HUIZU, it crumbles to dust.
Wisps of shadow whirl around you...
It was a scroll of summoning.
* * * LOW HITPOINT WARNING * * *
You feel very sick. The guardian serpent hits you!
* * * LOW HITPOINT WARNING * * *
The guardian serpent hits you but does no damage.
You swap places.
You die...
Kikubaaqudgha rasps: "You have failed me!
Welcome... death!"

###### #..... ....S
#.S#################
#..y.yy............#
#y..@####..........#
.####...o# #..........#
.........####....#.....#
.#>....o............##.#
......o.o...........##.#
########.<.............#
#..#'####+####.....#
#.......#....#..##.#
#.......#... #..##.#


You could see a guardian serpent, 4 friendly killer bees, a friendly orc wizard,
a friendly adder and 3 friendly orcs.

Vanquished Creatures
  A hydra (D:8)
  A two-headed ogre (D:8)
  Maurice (D:8)
  A troll (D:9)
  Grinder (D:3)
  Prince Ribbit (D:5)
  2 dream sheep (D:8)
  Sigmund (D:3)
  A wraith (Ossuary)
  A hungry ghost (D:8)
  8 yaks
  Duvessa (D:5)
  6 orc warriors
  A water moccasin (D:9)
  3 ice beasts
  2 phantoms
  3 black bears
  5 ogres
  3 centaurs
  A crocodile (D:8)
  3 big kobolds (D:8)
  Blork the orc (D:5)
  4 bullfrogs
  A wyvern skeleton (D:4)
  A scorpion (D:8)
  Dowan (D:5)
  4 wights (D:7)
  4 crimson imps
  A bullfrog zombie (D:7)
  3 howler monkeys
  5 hounds
  A bullfrog skeleton (D:9)
  A centaur skeleton (D:7)
  3 orc priests
  Ijyb (D:5)
  4 orc wizards
  Crazy Yiuf (D:2)
  3 iguanas
  6 worker ants
  A hound skeleton (D:4)
  A hound zombie (D:5)
  A mummy (Ossuary)
  A howler monkey zombie (D:7)
  3 worker ant zombies
  A howler monkey skeleton (D:4)
  7 gnolls (D:3)
  4 adders
  A worm (D:2)
  3 dart slugs
  3 leopard geckos
  47 orcs
  9 giant cockroaches
  6 goblins
  8 hobgoblins
  2 jackals (D:4)
  8 quokkas
  A ball python (D:6)
  A bat (D:1)
  4 frilled lizards
  A giant cockroach zombie (D:5)
  8 gnoll skeletons (Ossuary)
  5 kobolds
  7 kobold skeletons (Ossuary)
  A leopard gecko skeleton (D:4)
  10 orc skeletons (Ossuary)
  A quokka zombie (D:5)
  7 rats
244 creatures vanquished.

Vanquished Creatures (others)
  A fungus (D:8)
  3 plants (D:8)
4 creatures vanquished.

Grand Total: 248 creatures vanquished

Notes
Turn   | Place    | Note
-------+----------+-------------------------------------------
     0 | D:1      | Lanoc the Minotaur Assassin began the quest for the Orb.
     0 | D:1      | Reached XP level 1. HP: 18/18 MP: 0/0
    81 | D:1      | Reached XP level 2. HP: 20/25 MP: 1/1
   114 | D:1      | Reached skill level 1 in Armour
   239 | D:2      | Reached XP level 3. HP: 18/31 MP: 2/2
   358 | D:2      | Reached XP level 4. HP: 23/38 MP: 3/3
   631 | D:3      | Noticed Grinder
   882 | D:2      | Found a faded altar of an unknown god.
   970 | D:2      | Found a runed translucent door.
   971 | D:2      | Noticed Crazy Yiuf
   981 | D:2      | Killed Crazy Yiuf
  1055 | D:2      | Became a worshipper of Kikubaaqudgha
  1055 | D:2      | Reached * piety under Kikubaaqudgha
  1055 | D:2      | Identified Kikubaaqudgha's Reference Book on Unholy Secrets
                  | (Kikubaaqudgha gifted it to you on level 2 of the Dungeon)
  1055 | D:2      | Received a gift from Kikubaaqudgha
  1091 | D:2      | Found an opulent altar of Gozag.
  1228 | D:3      | Reached XP level 5. HP: 42/46 MP: 4/4
  1441 | D:3      | Paralysed by Grinder for 7 turns
  1470 | D:3      | Killed Grinder
  1470 | D:3      | Reached XP level 6. HP: 43/53 MP: 5/5
  1599 | D:3      | Noticed Sigmund
  1672 | D:3      | Killed Sigmund
  1672 | D:3      | Reached skill level 5 in Fighting
  1672 | D:3      | Reached XP level 7. HP: 61/61 MP: 6/6
  1781 | D:3      | Reached ** piety under Kikubaaqudgha
  2383 | D:4      | Reached skill level 5 in Armour
  2460 | D:4      | Reached skill level 5 in Dodging
  2471 | D:4      | Got a dazzling whip
  2474 | D:4      | Identified the +3 whip "Vaoneeci" {vamp, +Rage rF++ rC-
                  | Stlth+} (You found it on level 4 of the Dungeon)
  2636 | D:4      | Reached XP level 8. HP: 47/70 MP: 7/7
  2937 | D:4      | Reached skill level 5 in Throwing
  2978 | D:5      | Entered Level 5 of the Dungeon
  3062 | D:5      | Found a staircase to the Ecumenical Temple.
  3101 | D:5      | Noticed Prince Ribbit
  3126 | D:5      | Killed Prince Ribbit
  3159 | D:5      | Found a sand-covered staircase.
  3278 | Ossuary  | Entered an ossuary
  3639 | Ossuary  | Reached *** piety under Kikubaaqudgha
  3639 | Ossuary  | Identified Kikubaaqudgha's Volume of Dark Rites
                  | (Kikubaaqudgha gifted it to you in an ossuary)
  3639 | Ossuary  | Received a gift from Kikubaaqudgha
  3960 | D:5      | Noticed Ijyb
  3972 | D:5      | Killed Ijyb
  4008 | D:5      | Found a blossoming altar of Fedhas.
  4010 | D:5      | Found an ornate altar of the Wu Jian Council.
  4010 | D:5      | Found an opulent altar of Gozag.
  4011 | D:5      | Found a shattered altar of Ashenzari.
  4011 | D:5      | Found a snail-covered altar of Cheibriados.
  4011 | D:5      | Found a glowing silver altar of Zin.
  4011 | D:5      | Found a stormy altar of Qazlal.
  4136 | D:5      | You fall through a shaft for 3 floors!
  4136 | D:8      | Found a burning altar of Makhleb.
  4185 | D:8      | Noticed Maurice
  4221 | D:8      | Killed Maurice
  4221 | D:8      | Reached XP level 9. HP: 79/79 MP: 8/8
  4396 | D:8      | Reached **** piety under Kikubaaqudgha
  4817 | D:8      | Noticed a three-headed hydra
  4836 | D:8      | Killed a three-headed hydra
  4836 | D:8      | Reached XP level 10. HP: 41/91 MP: 9/9
  5152 | D:8      | Noticed a two-headed ogre
  5160 | D:8      | Killed a two-headed ogre
  5557 | D:8      | Found a staircase to the Lair.
  5772 | D:7      | Found a hazy altar of Hepliaklqana.
  6314 | D:7      | Found a burning altar of Makhleb.
  6461 | D:7      | Reached skill level 10 in Fighting
  6621 | D:5      | Noticed Dowan
  6621 | D:5      | Noticed Blork the orc
  6622 | D:5      | Noticed Duvessa
  6654 | D:5      | Killed Dowan
  6656 | D:5      | Killed Blork the orc
  6675 | D:5      | Killed Duvessa
  7104 | Temple   | Entered the Ecumenical Temple
  7438 | D:6      | Reached skill level 10 in Armour
  7597 | D:6      | Reached XP level 11. HP: 101/101 MP: 10/10
  7852 | D:9      | Found a roughly hewn altar of Beogh.
  7893 | D:9      | Reached ***** piety under Kikubaaqudgha
  8120 | D:9      | Found the +10 Black Knight's horse barding {ponderous,
                  | rPois rN+}
  8409 | D:10     | Entered Level 10 of the Dungeon
  8491 | D:10     | HP: 3/101 [guardian serpent (10)]
  8492 | D:10     | Succumbed to a guardian serpent's bolt of poison

Levels and vault maps discovered:
D:1:      enne_arrival_octagon_isle, layout_basic
D:2:      layout_basic, chequers_ecumenical_altar_twisty,
          chequers_serial_rivers_room_a, nicolae_gozag_seed_capital,
          uniq_crazy_yiuf_cottage
D:3:      layout_loops_ring, uniq_grinder, uniq_sigmund
D:4:      layout_loops_ring, serial_rivers, chequers_serial_rivers_micro_e,
          chequers_serial_rivers_micro_c, chequers_serial_rivers_marsh,
          chequers_serial_rivers_small_b, first_ration
D:5:      layout_loops_ring, grunt_temple_overflow_open, temple_doors_e,
          enter_ossuary_1, uniq_duvessa, uniq_ijyb, uniq_prince_ribbit1,
          uniq_blork_the_orc
D:6:      layout_loops_ring
D:7:      layout_loops_ring, kennysheep_little_box,
          nicolae_overflow_crystal_walls
D:8:      layout_basic, grunt_lair_entry_orc_guard_hut, hangedman_ranch
          [blue_anna_fruit_fields], makhleb_heckhound_becter, uniq_maurice
D:9:      layout_roguey [special_room_orc]
D:10:     layout_stronghold, nrook_guardian_serpent_ordinary, uniq_grum,
          uniq_harold, uniq_erica, uniq_urug
Temple:   cyrus_circular_temple
Ossuary:  ossuary_due_mausoleum

Skill      XL: |  1  2  3  4  5  6  7  8  9 10 11 |
---------------+----------------------------------+-----
Armour         | 1 2 3 4 5 7 8 10 | 10.2
Fighting       | 3 4 5 6 7 9 10 | 10.6
Dodging        | 2 3 4 5 6 8 9 |  9.6
Throwing       | 3 4 6 7 8 9 |  9.0
Short Blades   | |  2.1
Stealth        | |  3.2

Action                   |  1- 3 |  4- 6 |  7- 9 | 10-12 || total
-------------------------+-------+-------+-------+-------++-------
Melee: Dagger            |    65 |   125 |    26 |       ||   216
       Headbutt          |     9 |    21 |    89 |   132 ||   251
       Quarterstaff      |       |       |    37 |       ||    37
       Whip              |       |       |   366 |   561 ||   927
  Use: Potion            |       |     6 |     8 |     2 ||    16
       Scroll            |       |     5 |     7 |     4 ||    16
 Stab: Sleeping          |     2 |     9 |     2 |       ||    13
       Invisible         |       |       |     2 |     1 ||     3
  Eat: Chunk             |       |     2 |    18 |    19 ||    39
       Ration            |       |       |     3 |       ||     3
Armor: Robe              |     6 |     5 |     2 |       ||    13
       Skin              |       |    24 |       |       ||    24
       Chain mail        |       |       |   216 |     8 ||   224
       Plate armour      |       |       |       |   298 ||   298
Dodge: Dodged            |    49 |    55 |   293 |   316 ||   713

Table legend:
 A = Non-vault XP
 B = Vault XP
 C = Vault XP percentage of total XP
 D = Non-vault monster count
 E = Vault monster count
 F = Vault count percentage of total count
                 A         B        C        D         E       F
            +---------+---------+-------+---------+---------+-------
      Total |    6945 |    5292 |  43.2 |     170 |      74 |  30.3
            +---------+---------+-------+---------+---------+-------
        D:1 |      31 |       0 |   0.0 |      17 |       0 |   0.0
        D:2 |     114 |      39 |  25.5 |      21 |       1 |   4.5
        D:3 |     133 |     506 |  79.2 |      24 |       2 |   7.7
        D:4 |     670 |       0 |   0.0 |      23 |       0 |   0.0
        D:5 |     483 |     612 |  55.9 |      15 |       5 |  25.0
        D:6 |     819 |       0 |   0.0 |      18 |       0 |   0.0
        D:7 |    2496 |       0 |   0.0 |      25 |       0 |   0.0
        D:8 |    1596 |    3261 |  67.1 |      14 |      15 |  51.7
        D:9 |     574 |     626 |  52.2 |       7 |      24 |  77.4
       D:10 |      29 |       0 |   0.0 |       6 |       0 |   0.0
    Ossuary |       0 |     248 | 100.0 |       0 |      27 | 100.0
            +---------+---------+-------+---------+---------+-------
